 Dungeon Crawl Stone Soup version 0.31-a0-925-g0a390f2509 (webtiles) character file.

Game seed: 4275849014933210989

4 Getoffmy the Cudgeller (level 1, -2/22 HPs)
             Began as an Ogre Gladiator on Oct 18, 2023.
             Slain by a kobold
             ... wielding a +0 whip
              (4 damage)
             ... on level 1 of the Dungeon.
             The game lasted 00:00:20 (83 turns).

Getoffmy the Cudgeller (Ogre Gladiator)               Turns: 83, Time: 00:00:21

Health: -2/22      AC:  3    Str: 17    XL:     1   Next: 70%
Magic:  1/1        EV: 10    Int:  9    God:
Gold:   0          SH:  0    Dex: 10    Spells: 0/0 levels left

rFire   . . .        a - +0 flail
rCold   . . .        (no shield)
rNeg    . . .        b - +0 robe
rPois   .            c - +0 hat
rElec   .            (no cloak)
rCorr   .            (gloves unavailable)
SInv    .            (boots unavailable)
Will    .....        (no amulet)
Stlth   +            (no ring)
HPRegen 0.23/turn    (no ring)
MPRegen 0.07/turn

%: no passive effects
@: no status effects
A: large, unfitting armour, tough skin 1
a: no special abilities


You were on level 1 of the Dungeon.
You visited 1 branch of the dungeon, and saw 1 of its levels.

Inventory:

Hand Weapons
 a - a +0 flail (weapon)
Missiles
 d - 3 throwing nets (quivered)
 e - a large rock
 f - 15 stones
Armour
 b - a +0 robe (worn)
 c - a +0 hat (worn)


   Skills:
 + Level 2.9 Fighting
 * Level 2.9 Maces & Flails
 - Level 2.0 Throwing
 - Level 2.6 Dodging


You couldn't memorise any spells.
You didn't know any spells.
Your spell library was empty.

Dungeon Overview and Level Annotations

Branches:
Dungeon (1/15)

Altars:


Innate Abilities, Weirdness & Mutations

You are too large for most types of armour.
You have tough skin. (AC +1)


Message History

The frilled lizard barely misses you. The kobold hits you with a +0 whip.
You hit the frilled lizard.
You kill the frilled lizard!
The bat hits you. The kobold hits you with a +0 whip.
The rat bites you but does no damage. The kobold barely misses you.
You hit the bat.
You kill the bat!
The rat bites you. The kobold hits you with a +0 whip.
The rat barely misses you. The kobold hits you with a +0 whip.
The rat attacks as it pursues you! The rat bites you but does no damage.
The rat attacks as it pursues you! The rat bites you but does no damage.
The kobold attacks as it pursues you! The kobold hits you with a +0 whip.
* * * LOW HITPOINT WARNING * * *
You hit the kobold.
The kobold is moderately wounded.
The kobold hits you with a +0 whip.
* * * LOW HITPOINT WARNING * * *
You closely miss the kobold.
The kobold is moderately wounded.
The kobold barely misses you. The rat bites you but does no damage.
You closely miss the kobold.
The kobold is moderately wounded.
The kobold closely misses you. The rat barely misses you.
The kobold hits you with a +0 whip.
* * * LOW HITPOINT WARNING * * *
The rat closely misses you.
You closely miss the kobold.
The kobold is moderately wounded.
The kobold barely misses you.
You barely miss the kobold.
The kobold is moderately wounded.
The kobold hits you with a +0 whip.
* * * LOW HITPOINT WARNING * * *
You closely miss the kobold.
The kobold is moderately wounded.
The kobold barely misses you.
You miss the kobold.
The kobold is moderately wounded.
The kobold hits you with a +0 whip.
You die...

#.................
#................
#...........!..# #.#... ..
#..†.........# #....## ..
#............. ...... ..
#.......####.# #...##.>
#.......# .# #....#..
#.......####.# #.......
#####...rK@..# #......
#.....#..## ####.....)
#.#...#..# ##.........
#..######.#####..###.....
#..#######.#.......###....
#.##......†...####+###'##.
.. ..#####....# #§§§§§.≈#.
#....# #§≈§§.≈≈#.
#......#≈≈...≈≈#.


You could see a kobold and a rat.

Vanquished Creatures
  An endoplasm (D:1)
  A hobgoblin (D:1)
  2 bats (D:1)
  A frilled lizard (D:1)
5 creatures vanquished.

Notes
Turn   | Place    | Note
-------+----------+-------------------------------------------
     0 | D:1      | Getoffmy the Ogre Gladiator began the quest for the Orb.
     0 | D:1      | Reached XP level 1. HP: 22/22 MP: 1/1
    81 | D:1      | HP: 1/22 [kobold/+0 whip (2)]
    83 | D:1      | Slain by a kobold

Illustrated notes

Levels and vault maps discovered:
D:1:      ncdulo_lavacross, layout_rooms,
          hellmonk_ecumenical_altar_leap_of_faith, minmay_misc_feat_chi

Action                     || total
---------------------------++-------
  Melee: Flail             ||    19
 Armour: Robe              ||    27
  Dodge: Dodged            ||    18

Table legend: (Time is in decaauts)
 A = Elapsed time spent in this place.
 B = Non-inter-level travel time spent in this place.
 C = Inter-level travel time spent in this place.
 D = Time resting spent in this place.
 E = Time spent auto-exploring this place.
 F = Levels seen in this place.
 G = Mean time per level.
                   A        B        C        D        E       F      G
               +--------+--------+--------+--------+--------+-----+--------+
         Total |     87 |     87 |      0 |     17 |     15 |   1 |   87.0 |
       Dungeon |     87 |     87 |      0 |     17 |     15 |   1 |   87.0 |
               +--------+--------+--------+--------+--------+-----+--------+

Top non-repeatable levels by time:
     D:1: 87 daAuts
